AoeStats
← ADominio

Arena

508597994Analyzed
1v1 RM · 9d ago on Sep 23, 2026· 70m 49s· 2 players
Game mode
Random Map
Map size
Tiny (2 player)
Population
200
Speed
Normal
Resources
Standard
Victory
Conquest
Starting age
Dark Age
Ending age
Imperial Age
RankedLock teamsTeams togetherTeam positionsShared explorationLock speedFull tech treeHidden civsTurbo modeCheats
Victory
Defeat
🇲🇽 Maya · Mexico
963
+17
🇸🇪 Teutons · Sweden
975
-17
ADominio
0:58 Loom
9:22 Feudal Age
9:48 Double-Bit Axe
15:31 Castle Age
14:43 Stone Mining
15:15 Gold Mining
15:11 Horse Collar
22:40 Heavy Plow
22:59 Bow Saw
24:03 Town Watch
25:28 Wheelbarrow
26:35 Fletching
29:55 Imperial Age
27:59 Forging
28:42 Stone Shaft Mining
28:53 Hand Cart
29:12 Town Patrol
29:51 Ballistics
29:31 Bodkin Arrow
30:51 Iron Casting
30:36 Padded Archer Armor
30:06 Pikeman
30:54 Scale Mail Armor
31:36 Crop Rotation
33:00 Two-Man Saw
31:54 Treadmill Crane
32:48 Conscription
33:46 Chemistry
32:54 Squires
33:32 Thumb Ring
32:56 Crossbowman
34:25 Leather Archer Armor
34:35 Chain Mail Armor
34:54 Bracer
34:49 Arson
35:57 Ring Archer Armor
37:30 Plate Mail Armor
37:26 Eagle Warrior
38:23 Capped Ram
40:28 Blast Furnace
40:16 Elite Eagle Warrior
41:36 Holcans
42:09 Devotion
41:56 Siege Ram
44:31 Faith
52:47 Elite Plumed Archer
57:58 Guilds
65:52 Heavy Scorpion
66:08 Heavy Scorpion
Artemis6639
12:45 Feudal Age
16:48 Castle Age
14:44 Double-Bit Axe
15:05 Horse Collar
15:34 Gold Mining
27:12 Bow Saw
27:05 Heavy Plow
27:22 Stone Mining
30:49 Imperial Age
28:58 Wheelbarrow
28:09 Town Watch
28:09 Loom
30:19 Fletching
30:39 Forging
30:29 Scale Mail Armor
30:49 Fortified Wall
30:49 Masonry
31:41 Hand Cart
32:53 Chemistry
32:31 Iron Casting
31:52 Bodkin Arrow
33:10 Illumination
33:02 Block Printing
33:27 Theocracy
33:07 Fervor
33:19 Sanctity
34:34 Ironclad
34:36 Conscription
34:23 Siege Engineers
35:49 Blast Furnace
35:59 Two-Man Saw
36:58 Onager
42:27 Guilds
41:45 Siege Onager
43:05 Scale Mail Armor
43:08 Squires
42:54 Arson
50:40 Chain Mail Armor
52:39 Plate Mail Armor
58:05 Crenellations
66:53 Elite Teutonic Knight
Connection lost

Rejoining the realm…

Still unreachable

The connection could not be restored.

Session expired

The server has moved on; the page needs a fresh start.